 Dungeon Sprint DCSS version 0.19.5 (webtiles) character file.

163 Snowbourne the Covert (level 5, -3/24 HPs)
             Began as a Spriggan Enchanter on May 12, 2017.
             Slain by a death yak (27 damage)
             ... in the Dungeon (Sprint II: "The Violet Keep of Menkaure").
             The game lasted 00:01:41 (134 turns).

Snowbourne the Covert (Spriggan Enchanter)           Turns: 134, Time: 00:01:41

Health: -3/24      AC:  3    Str:  4    XL:     5   Next: 20%
Magic:  2/10       EV: 18    Int: 17    God:
Gold:   243        SH:  0    Dex: 17    Spells: 2 memorised, 6 levels left

rFire  . . .     SeeInvis +     a - +1 dagger
rCold  . . .     Gourm    .     b - +1 robe
rNeg   . . .     Faith    .     (shield restricted)
rPois  .         Spirit   .     (helmet restricted)
rElec  .         Reflect  .     (no cloak)
rCorr  .         Harm     .     (gloves unavailable)
MR     .....     NoTele   +     (boots unavailable)
Stlth  ++++++....               (no amulet)
                                (no ring)
                                (no ring)

@: very quick
A: unfitting armour, see invisible, herbivore 3, speed 3, slow metabolism 2
a: no special abilities


You were in the Dungeon.
You were not hungry.

You visited 1 branch You collected 243 gold pieces.

Inventory:

Hand Weapons
 a - a +1 dagger (weapon)
Armour
 b - a +1 robe (worn)
Scrolls
 j - a scroll of blinking
Potions
 e - a potion of curing
 g - a potion of haste
 h - 2 potions of magic
Books
 c - a book of Maledictions

   Spells                             Type                      Level
   a - Corona                         Hexes                        1
   b - Ensorcelled Hibernation        Hexes/Ice                    2
   c - Confuse                        Hexes                        3
   d - Tukima's Dance                 Hexes                        3
   e - Dazzling Spray                 Conjuration/Hexes            3
Comestibles
 d - a bread ration


   Skills:
 - Level 1.1 Short Blades
 - Level 3.0 Dodging
 * Level 13.5 Stealth
 - Level 2.6 Spellcasting
 + Level 8.2 Hexes


You had 6 spell levels left.
You knew the following spells:

 Your Spells              Type           Power        Failure   Level  Hunger
a - Corona                Hex            ####...      1%          1    #......
b - Ensorcelled Hibernat  Hex/Ice        ###...       6%          2    ##.....


Dungeon Overview and Level Annotations

Branches:
Dungeon (1/1)

Altars:
Cheibriados
Dithmenos
Elyvilon
Fedhas
Gozag
Hepliaklqana
Kikubaaqudgha
Makhleb
Ru
Sif Muna
Trog
Beogh
Jiyva
Lugonu

Shops:
D *?%=(


Innate Abilities, Weirdness & Mutations

You are very small and have problems with some larger weapons.
You are too small for most types of armour.
You have supernaturally acute eyesight. (SInv)
You are a herbivore.
You cover ground extremely quickly.
You need consume almost no food.


Message History

Found 81 gold pieces.
There is an open door here.
The helpless death yak fails to defend itself.
You spit the death yak like a pig!!!
The death yak is severely wounded.
The death yak misses you.
Casting: Ensorcelled Hibernation
Confirm with . or Enter, or press ? or * to list all spells.
Aiming: Ensorcelled Hibernation
Press: ? - help, Shift-Dir - straight line, f - death yak
Aim: a death yak (severely wounded, chance to defeat MR: 1%)
The death yak resists with almost no effort.
The death yak gores you but does no damage.
You hit the death yak but do no damage.
The death yak is severely wounded.
The death yak misses you.
Okay, then.
You feel much better. The death yak gores you!!
Ouch! That really hurt!
You die...

§§≈§§§§§§ ≈§S§§
#+++#+++## .. .........#
.. ≈.##+##..# #.
≈##..###.#### .###
≈#†H##.#....# ...#
###.#.####..#####..# .
##†###.##..#[(@..#
#.##H##.†.#..#$Y#..#
#'.<.+##$'..####..###
#H##.##...#....###n..##▓▓
. #+###.##..nn..≈n≈≈≈≈≈≈≈
###≈≈..n..≈#+######
#≈≈≈≈§§≈..≈#....._.
#≈≈≈≈≈≈≈≈.≈#...._._
#≈≈≈≈§≈≈≈≈≈≈#..._._.


You could see a death yak and 2 necrophages.

Vanquished Creatures
  A necrophage (D)
  A crocodile (D)
  3 worms (D)
5 creatures vanquished.

Vanquished Creatures (others)
  Menkaure (D)
1 creature vanquished.

Grand Total: 6 creatures vanquished

Notes
Turn   | Place    | Note
-------+----------+-------------------------------------------
     0 | D        | Snowbourne the Spriggan Enchanter began the quest for the Orb.
     0 | D        | Reached XP level 1. HP: 9/9 MP: 5/5
     4 | D        | Reached skill level 5 in Stealth
    16 | D        | Reached skill level 6 in Stealth
    20 | D        | Reached skill level 7 in Stealth
    20 | D        | Reached XP level 2. HP: 13/13 MP: 6/6
    34 | D        | Learned a level 2 spell: Ensorcelled Hibernation
    41 | D        | Killed Menkaure
    78 | D        | Noticed a hippogriff
    78 | D        | Noticed a hippogriff
    88 | D        | Noticed a lava snake
    89 | D        | Noticed a lava snake
    90 | D        | Noticed a lava snake
    90 | D        | Noticed a lava snake
    90 | D        | Noticed a crocodile
    92 | D        | Found Hoah Jat's Weapon Shoppe.
    93 | D        | Killed a crocodile
    93 | D        | Reached skill level 11 in Stealth
    93 | D        | Reached XP level 3. HP: 9/16 MP: 1/8
    93 | D        | Reached XP level 4. HP: 12/21 MP: 1/9
    96 | D        | Found Zahuf's Jewellery Shoppe.
    97 | D        | Found Cuary's General Store.
    97 | D        | Found Otiet Jig's Magic Scroll Shoppe.
    97 | D        | Found Xacuon's Food Shoppe.
   108 | D        | Noticed a necrophage
   109 | D        | Noticed a necrophage
   110 | D        | Noticed a necrophage
   110 | D        | Noticed a necrophage
   113 | D        | Killed a necrophage
   113 | D        | Reached skill level 13 in Stealth
   113 | D        | Reached XP level 5. HP: 15/24 MP: 2/10
   121 | D        | Found a blossoming altar of Fedhas.
   122 | D        | Found a white marble altar of Elyvilon.
   123 | D        | Found a shadowy altar of Dithmenos.
   123 | D        | Found a corrupted altar of Lugonu.
   123 | D        | Found an opulent altar of Gozag.
   123 | D        | Found a burning altar of Makhleb.
   124 | D        | Found a snail-covered altar of Cheibriados.
   124 | D        | Found an ancient bone altar of Kikubaaqudgha.
   124 | D        | Found a bloodstained altar of Trog.
   125 | D        | Found a roughly hewn altar of Beogh.
   125 | D        | Found a viscous altar of Jiyva.
   125 | D        | Found a deep blue altar of Sif Muna.
   126 | D        | Found a hazy altar of Hepliaklqana.
   126 | D        | Found a sacrificial altar of Ru.
   130 | D        | Noticed a death yak
   134 | D        | Slain by a death yak

Skill      XL: |  1  2  3  4 |
---------------+-------------+-----
Stealth        | 7 11 13 | 13.5
Hexes          | 4 6 8 |  8.2
Short Blades   | |  1.1
Dodging        | |  3.0
Spellcasting   | |  2.6

Action                   |  1- 3 |  4- 6 || total
-------------------------+-------+-------++-------
Melee: Dagger            |    14 |     3 ||    17
 Cast: Ensorcelled Hiber |     3 |     1 ||     4
  Use: Potion            |     1 |     1 ||     2
 Stab: Sleeping          |     3 |     2 ||     5
Armor: Robe              |       |     2 ||     2
Dodge: Dodged            |    10 |     6 ||    16
